 Dungeon Crawl Stone Soup version 0.25.0-1-g7eea58d2a3 (webtiles) character file.

Game seed: 705037213189339421

848861 WalkingCorpse the Imperceptible (level 27, -16/224 HPs)
             Began as a Gnoll Wizard on June 9, 2020.
             Was the Champion of Vehumet.
             Killed by dispel undead
             ... invoked by a Tzitzimitl
              (84 damage)
             ... on level 7 of Tartarus on June 13, 2020.
             The game lasted 10:27:16 (102131 turns).

WalkingCorpse the Imperceptible (Gnoll Wizard)    Turns: 102131, Time: 10:27:17

Health: -16/224    AC: 36    Str: 15    XL:     27
Magic:  30/56      EV: 26    Int: 34    God:    Vehumet [******]
Gold:   9769       SH: 19    Dex: 18    Spells: 10/67 levels left

rFire    + . .     SeeInvis +   h - +9 demon trident (flame)
rCold    + + +     Gourm    .   o - +2 kite shield {AC+3}
rNeg     + + +     Faith    .   p - quicksilver dragon scales
rPois    ∞         Spirit   .   D - +0 helmet {Int+3}
rElec    +         Reflect  .   l - scarf {rC+ rF+}
rCorr    .         Harm     .   F - +2 pair of gloves {Str+3}
MR       +++++     Clarity  +   B - +1 pair of boots {run}
Stlth    ++++++++..             N - amulet "Acim Dai" {RegenMP rC+}
HPRegen  0.47/turn              I - ring "Roocaulist" {rElec MR+ MP+9 Dex+4}
MPRegen  0.60/turn              H - ring of see invisible

@: lich-form, studying 2 skills, quick
A: distributed training, fangs 1, yellow scales 1, clarity, strong nose
}: 6/15 runes: serpentine, barnacled, slimy, silver, icy, abyssal
a: End Transformation, Renounce Religion


You were on level 7 of Tartarus.
You worshipped Vehumet.
Vehumet was exalted by your worship.
You were not hungry.
You were a lich.
You visited 15 branches of the dungeon, and saw 72 of its levels.
You visited the Abyss 2 times.
You also visited: Trove and Ice Cave.

You collected 10764 gold pieces.
You spent 995 gold pieces at shops.

Inventory:

Hand Weapons
 h - a +9 demon trident of flaming (weapon)
Missiles
 b - 30 silver javelins (quivered)
 c - 11 curare-tipped darts
Armour
 l - a scarf of resistance (worn)
 o - a +2 kite shield of protection (worn)
 p - quicksilver dragon scales (worn)
 B - a +1 pair of boots of running (worn)
 D - a +0 helmet of intelligence (worn)
 F - a +2 pair of gloves of strength (worn)
Jewellery
 G - the ring "Tiumotzu" {MR+ Slay+3}
   (You found it on level 5 of the Pits of Slime)

   [ring of protection from magic]

   It affects your accuracy and damage with ranged weapons and melee attacks
   (+3).
   It affects your resistance to hostile enchantments.
 H - a ring of see invisible (right hand)
 I - the ring "Roocaulist" (left hand) {rElec MR+ MP+9 Dex+4}
   (You found it on level 7 of the Dungeon)

   [ring of magical power]

   It affects your dexterity (+4).
   It insulates you from electricity.
   It affects your resistance to hostile enchantments.
   It affects your magic capacity (+9).
 M - the ring "Bakei" {MP+9 Str+4}
   (You found it on level 5 of the Vaults)

   [ring of magical power]

   It affects your strength (+4).
   It affects your magic capacity (+9).
 N - the amulet "Acim Dai" (around neck) {RegenMP rC+}
   (You found it on level 3 of the Crypt)

   [amulet of magic regeneration]

   It increases your magic regeneration.
   It protects you from cold.
Wands
 i - a wand of acid (25)
 s - a wand of flame (97)
 y - a wand of iceblast (80)
 A - a wand of enslavement (27)
 P - a wand of paralysis (46)
 Y - a wand of clouds (20)
Scrolls
 a - 17 scrolls of blinking
 e - 5 scrolls of fog
 j - 7 scrolls of magic mapping
 m - 26 scrolls of remove curse
 K - 3 scrolls of summoning
 Q - 21 scrolls of teleportation
 T - a scroll of holy word
 Z - 9 scrolls of fear
Potions
 f - 10 potions of brilliance
 g - 25 potions of curing
 n - 12 potions of flight
 q - 6 potions of magic
 w - 2 potions of cancellation
 E - 6 potions of invisibility
 J - 5 potions of might
 L - 6 potions of resistance
 U - 7 potions of heal wounds
 X - 3 potions of haste
Books
 z - a manual of Shields
 V - a manual of Stealth
Miscellaneous
 r - a phial of floods
 u - 9 boxes of beasts
 x - a lightning rod (4/4)
 R - the horn of Geryon
 S - 2 phantom mirrors
 W - a tin of tremorstones (3/3)
Comestibles
 d - 70 rations


   Skills:
 + Level 20.1 Fighting
 + Level 20.1 Short Blades
 + Level 20.1 Long Blades
 + Level 20.1 Axes
 + Level 20.1 Maces & Flails
 + Level 20.1 Polearms
 + Level 20.1 Staves
 + Level 20.1 Slings
 + Level 20.1 Bows
 + Level 20.1 Crossbows
 + Level 20.1 Throwing
 + Level 20.1 Armour
 + Level 20.4 Dodging
 + Level 23.4 Stealth
 + Level 22.4 Shields
 + Level 20.1 Unarmed Combat
 + Level 20.9 Spellcasting
 + Level 17.5 Conjurations
 + Level 17.4 Hexes
 + Level 17.4 Charms
 + Level 17.5 Summonings
 + Level 17.4 Necromancy
 + Level 17.5 Translocations
 + Level 17.4 Transmutations
 + Level 17.4 Fire Magic
 + Level 17.4 Ice Magic
 + Level 17.4 Air Magic
 + Level 17.4 Earth Magic
 + Level 17.4 Poison Magic
 + Level 21.6 Invocations
 + Level 20.1 Evocations


You had 10 spell levels left.
You knew the following spells:

 Your Spells              Type           Power        Failure   Level  Hunger
a - Iron Shot             Conj/Erth      ########..   1%          6    N/A
b - Blink                 Tloc           N/A          0%          2    N/A
c - Summon Lightning Spi  Summ/Air       ########     0%          4    N/A
d - Orb of Destruction    Conj           ########..   1%          7    N/A
e - Lee's Rapid Deconstr  Erth           ########..   1%          5    N/A
f - Fireball              Conj/Fire      ########..   1%          5    N/A
g - Borgnjor's Vile Clut  Necr/Erth      ########..   1%          5    N/A
h - Spellforged Servitor  Conj/Summ      ########..   1%          7    N/A
j - Ignition              Fire           ########..   1%          8    N/A
n - Necromutation         Tmut/Necr      ########..   6%          8    N/A

Your spell library contained the following spells:

 Spells                   Type           Power        Failure   Level  Hunger
 Chain Lightning          Conj/Air       ########..   1%          8    N/A
 Absolute Zero            Ice            ########..   24%         9    N/A
 Fire Storm               Conj/Fire      ########..   24%         9    N/A
 Animate Skeleton         Necr           N/A          0%          1    N/A
 Apportation              Tloc           ######       0%          1    N/A
 Beastly Appendage        Tmut           ######       0%          1    N/A
 Corona                   Hex            #######      0%          1    N/A
 Foxfire                  Conj/Fire      ####         0%          1    N/A
 Freeze                   Ice            ####         0%          1    N/A
 Magic Dart               Conj           ####         0%          1    N/A
 Pain                     Necr           ####         0%          1    N/A
 Sandblast                Erth           ######       0%          1    N/A
 Sting                    Tmut/Pois      ####         0%          1    N/A
 Summon Butterflies       Summ           ########     0%          1    N/A
 Summon Small Mammal      Summ           ####         0%          1    N/A
 Call Imp                 Summ           ########     0%          2    N/A
 Corpse Rot               Necr/Air       N/A          0%          2    N/A
 Ensorcelled Hibernation  Hex/Ice        ######       0%          2    N/A
 Passwall                 Tmut/Erth      ########     0%          2    N/A
 Poisonous Vapours        Pois/Air       ######       0%          2    N/A
 Shroud of Golubria       Chrm/Tloc      ######       0%          2    N/A
 Slow                     Hex            ########     0%          2    N/A
 Sticks to Snakes         Tmut           ########     0%          2    N/A
 Sublimation of Blood     Necr           ########..   0%          2    N/A
 Swiftness                Chrm/Air       ########     0%          2    N/A
 Call Canine Familiar     Summ           ########     0%          3    N/A
 Confusing Touch          Hex            ########     0%          3    N/A
 Conjure Flame            Conj/Fire      ########     0%          3    N/A
 Dazzling Flash           Conj/Hex       ######       0%          3    N/A
 Frozen Ramparts          Ice            ######       0%          3    N/A
 Gell's Gravitas          Tloc           ########..   0%          3    N/A
 Ignite Poison            Fire/Tmut/Pois ########     0%          3    N/A
 Inner Flame              Hex/Fire       ########     0%          3    N/A
 Lesser Beckoning         Tloc           ########..   0%          3    N/A
 Mephitic Cloud           Conj/Pois/Air  ########     0%          3    N/A
 Ozocubu's Armour         Chrm/Ice       ########     0%          3    N/A
 Portal Projectile        Hex/Tloc       ######       0%          3    N/A
 Recall                   Summ/Tloc      N/A          0%          3    N/A
 Spectral Weapon          Hex/Chrm       ########     0%          3    N/A
 Spider Form              Tmut/Pois      ########..   0%          3    N/A
 Static Discharge         Conj/Air       ########     0%          3    N/A
 Stone Arrow              Conj/Erth      ######       0%          3    N/A
 Summon Guardian Golem    Hex/Summ       ########     0%          3    N/A
 Tukima's Dance           Hex            ########     0%          3    N/A
 Vampiric Draining        Necr           ########..   0%          3    N/A
 Animate Dead             Necr           N/A          0%          4    N/A
 Cause Fear               Hex            ########..   0%          4    N/A
 Dispel Undead            Necr           ########     0%          4    N/A
 Fulminant Prism          Conj/Hex       ########..   0%          4    N/A
 Ice Form                 Ice/Tmut       ########     0%          4    N/A
 Iskenderun's Mystic Bla  Conj/Tloc      ########     0%          4    N/A
 Leda's Liquefaction      Hex/Erth       ########..   0%          4    N/A
 Olgreb's Toxic Radiance  Pois           ########     0%          4    N/A
 Petrify                  Tmut/Erth      ########     0%          4    N/A
 Sticky Flame             Conj/Fire      ########     0%          4    N/A
 Summon Ice Beast         Ice/Summ       ########     0%          4    N/A
 Agony                    Necr           ########     1%          5    N/A
 Alistair's Intoxication  Tmut/Pois      ########     1%          5    N/A
 Aura of Abjuration       Summ           ########..   1%          5    N/A
 Blade Hands              Tmut           ########..   1%          5    N/A
 Bolt of Magma            Conj/Fire/Erth ########..   1%          5    N/A
 Excruciating Wounds      Chrm/Necr      ########..   1%          5    N/A
 Irradiate                Conj/Tmut      ########..   1%          5    N/A
 Iskenderun's Battlesphe  Conj/Chrm      ########     1%          5    N/A
 Lightning Bolt           Conj/Air       ########..   1%          5    N/A
 Metabolic Englaciation   Hex/Ice        ########..   1%          5    N/A
 Silence                  Hex/Air        ########..   1%          5    N/A
 Summon Demon             Summ           ########..   1%          5    N/A
 Summon Forest            Summ/Tloc      ########..   1%          5    N/A
 Summon Mana Viper        Hex/Summ       ########     1%          5    N/A
 Yara's Violent Unravell  Hex/Tmut       ########..   1%          5    N/A
 Darkness                 Hex            ########..   1%          6    N/A
 Death Channel            Necr           ########..   1%          6    N/A
 Dispersal                Tloc           ########..   1%          6    N/A
 Eringya's Noxious Bog    Tmut/Pois      ########..   1%          6    N/A
 Freezing Cloud           Conj/Ice/Air   ########..   1%          6    N/A
 Hydra Form               Tmut           ########..   1%          6    N/A
 Invisibility             Hex            ########     1%          6    N/A
 Ozocubu's Refrigeration  Ice            ########..   1%          6    N/A
 Shadow Creatures         Summ           N/A          1%          6    N/A
 Simulacrum               Ice/Necr       ########..   1%          6    N/A
 Statue Form              Tmut/Erth      ########.    1%          6    N/A
 Dragon Form              Tmut           ########..   1%          7    N/A
 Haunt                    Necr/Summ      ########..   1%          7    N/A
 Ring of Flames           Chrm/Fire      ########..   1%          7    N/A
 Summon Hydra             Summ           ########..   1%          7    N/A
 Lehudib's Crystal Spear  Conj/Erth      ########..   1%          8    N/A
 Borgnjor's Revivificati  Necr           ########..   6%          8    N/A
 Controlled Blink         Tloc           N/A          6%          8    N/A
 Death's Door             Chrm/Necr      ########..   6%          8    N/A
 Discord                  Hex            ########..   6%          8    N/A
 Disjunction              Tloc           ########..   6%          8    N/A
 Infestation              Necr           ########..   6%          8    N/A
 Shatter                  Erth           ########..   24%         9    N/A
 Tornado                  Air            ########..   24%         9    N/A
 Dragon's Call            Summ           ########..   67%         9    N/A

Dungeon Overview and Level Annotations

Branches:
Dungeon (15/15)            Temple (1/1) D:7            Lair (6/6) D:10
 Shoals (4/4) Lair:4        Snake (4/4) Lair:2        Slime (5/5) Lair:5
    Orc (2/2) D:10            Elf (3/3) Orc:2        Vaults (5/5) D:13
  Crypt (3/3) Vaults:3       Tomb (0/3) Crypt:3      Depths (5/5) D:15
   Hell (visited)             Dis (0/7) Hell            Geh (0/7) Hell
    Coc (7/7) Hell            Tar (7/7) Hell            Zot (4/5) Depths:5
  IceCv (visited)

Altars:
Ashenzari
Cheibriados
Dithmenos
Fedhas
Gozag
Hepliaklqana
Kikubaaqudgha
Makhleb
Okawaru
Qazlal
Ru
Sif Muna
Trog
Uskayaw
Vehumet
Xom
Yredelemnul
Zin
The Shining One
Beogh
Jiyva

Shops:
D:5 *   D:9 *   D:10 (   D:12 *   Orc:1 *   Orc:2 [[(=*   Elf:1 :   Elf:2 ?
Shoals:1 *   Snake:3 *   Vaults:1 =   Vaults:3 (   Depths:1 *   Depths:5 *

Portals:
Hell: Depths:1 Depths:2 Depths:3 Depths:4 Depths:5
Abyss: Lair:1 Depths:2 Depths:3 Depths:4
Pandemonium: Depths:2 Depths:3
Ziggurat: Depths:5

Annotations:
Zot:3 25 runed doors


Innate Abilities, Weirdness & Mutations

Your experience applies equally to all skills.
You have very sharp teeth.
Your uncanny sense of smell can sniff out nearby items.
You are partially covered in yellow scales. (AC +2)
You possess an exceptional clarity of mind.


Message History

You feel your power returning. The Tzitzimitl barely misses you.
You block the Tzitzimitl's attack.
You hit the Tzitzimitl. You burn the Tzitzimitl.
The Tzitzimitl is almost dead.
Okay, then.
You closely miss the Tzitzimitl.
The Tzitzimitl is almost dead.
The Tzitzimitl engulfs you but does no damage.
The Tzitzimitl misses you.
You miss the Tzitzimitl.
The Tzitzimitl is almost dead.
You puncture the Tzitzimitl! You burn the Tzitzimitl.
The Tzitzimitl is almost dead.
The Tzitzimitl gestures at you.
You convulse!
You hit the Tzitzimitl but do no damage.
The Tzitzimitl is almost dead.
The Tzitzimitl gestures at you.
You convulse!
You die...

,,,,,#.#,#.#,*,***,*,*********,*,
,,,,,#.#,#.#,*,*,,,*,*,,,,,*,,,*,
,,,,,#.###)#,*,*,***,*****,*,***,
,,,,,#.....#.*∆*,,,*,*,,,*,*,*,,,
,,,,,#.#####.#****,*,*,*,*,*,***,
,,,,,#...#,,...,∆*,*,*,*,*,*,,,*,
,,,,,###.###,#.###,*,*,*,*,***,*,
,,,,,*,#...#,#.1.#,*,,,*,*,,,*,*,
,,,,,*,###.###,#L#,*****,*,***,*,
,,,,,*,,,#.).#,#.#,,,,,*,,,*,,,*,
,,,,,*^*,###.#,#†###**,***,*,***,
,,,,,*,*,,,#.#,#..°#,*,,,*,*,*,,,
,,,,,*,***,#.###.#.#,***,***,***,
,,,,,*,,,*,#.☼°..#○#,,,*,,,,,,,,,
,,,,,*,*,**#######,#,************
,,,,,*,*,,,,,,,,,*,*,+,,,,,,,,,,*
,,,,,*,*****,*,***,*,*,,,,,,,,,,*


You could see a Tzitzimitl.

Vanquished Creatures
  Antaeus (Coc:7)
  the Royal Jelly (Slime:5)
  An orb of fire (Zot:2)
  2 ancient liches
  Bai Suzhen (Vaults:3)
  Margery (Vaults:3)
  8 shard shrikes (Coc:7)
  A Killer Klown (Zot:4)
  Saint Roka (Vaults:3)
  The ghost of ragingrage the Executioner, a veteran HOFi of Beogh (Vaults:4)
  A curse toe (Zot:2)
  13 golden dragons
  The ghost of christhawk the Slayer, an adept MiHu of Okawaru (Vaults:4)
  Nikola (Snake:2)
  11 bone dragons
  8 doom hounds
  17 Tzitzimimeh
  9 liches
  15 Ice Fiends
  Asterion (Elf:2)
  15 tentacled monstrosities
  5 deep elf blademasters
  2 deep elf master archers (Elf:3)
  9 titans
  5 quicksilver dragons
  Murray (Hell)
  31 acid blobs
  Polyphemus (Shoals:3)
  5 sphinxes
  9 death cobs
  A kraken (Shoals:3)
  16 shadow dragons
  13 storm dragons
  10 tengu reavers
  9 ancient champions
  Kirke (Lair:5)
  3 draconian monks
  Donald (Vaults:2)
  2 revenants (Crypt:3)
  16 nagarajas
  11 fire giants
  16 azure jellies
  14 frost giants
  A balrug (Depths:1)
  A ghost moth (Zot:1)
  8 deep elf sorcerers
  4 iron dragons
  A cacodemon (Lair:1)
  15 vault wardens
  A frost giant (shapeshifter) (Vaults:4)
  Aizul (Snake:2)
  8 draconian scorchers
  3 draconian shifters
  A curse skull (Crypt:2)
  5 deep elf elementalists
  Louise (Shoals:1)
  A draconian annihilator (Zot:4)
  4 draconian stormcallers
  12 ghouls
  18 reapers
  18 ironheart preservers
  A stone giant (shapeshifter) (Vaults:4)
  15 stone giants
  A spriggan defender (Depths:4)
  4 elemental wellsprings
  5 war gargoyles
  23 very ugly things
  An entropy weaver (Vaults:3)
  5 green draconians
  7 vampire knights
  4 deep elf demonologists
  6 purple draconians
  7 white draconians
  7 red draconians
  9 black draconians
  7 deep elf annihilators
  4 spark wasps
  7 deep elf death magi
  20 ettins
  5 eidola
  7 yellow draconians
  4 death oozes (Slime:5)
  13 merfolk impalers
  Snorg (D:14)
  3 merfolk javelineers
  18 blizzard demons
  3 kraken zombies
  2 quicksilver dragon zombies
  A crystal guardian (Vaults:4)
  15 yaktaur captains
  10 fire dragons
  2 mummy priests (Crypt:3)
  5 deep elf high priests
  10 jiangshi
  15 naga warriors
  21 ogre magi
  The ghost of Vew Pil the Grappler, a journeyman DrTm of Okawaru (Lair:1)
  10 great orbs of eyes
  A ghost crab (Tar:7)
  10 hydras
  6 rakshasas
  7 spriggan air magi
  14 ice dragons
  3 merfolk avatars (Shoals:3)
  31 vault guards
  A caustic shrike simulacrum (Depths:4)
  2 merfolk aquamancers (Shoals:3)
  2 catoblepae
  2 alligator snapping turtles (Shoals:1)
  2 alligators
  2 death knights
  6 anacondas
  A queen ant (Lair:5)
  A two-headed ogre (shapeshifter) (Depths:2)
  7 centaur warriors
  13 death yaks
  A satyr (Shoals:4)
  44 two-headed ogres
  5 deep troll shamans
  9 naga sharpshooters
  26 dancing weapons
  3 hell hogs (Depths:1)
  2 titan zombies
  11 deep troll earth magi
  8 spriggan berserkers
  8 vampire magi
  An orc high priest (Orc:2)
  Urug (Orc:2)
  14 tengu warriors
  5 shock serpents
  9 sun demons
  10 hell knights
  8 soul eaters
  3 storm dragon zombies
  The ghost of Skodnik20 the Cleaver, a novice MiBe of Trog (D:9)
  6 spriggans
  24 deep elf knights
  A golden dragon zombie (Tar:5)
  7 iron trolls (Zot:2)
  2 storm dragon skeletons
  A wretched star (Abyss:3)
  2 salamander mystics (Depths:4)
  86 skeletal warriors
  16 sea snakes
  6 anaconda zombies
  A death drake (Tar:3)
  6 glowing orange brains
  A quicksilver dragon simulacrum (Depths:4)
  13 shadow wraiths
  A shadow demon (Tar:3)
  A ghost moth zombie (Tar:3)
  A gelid demonspawn (Depths:3)
  9 wizards
  4 unseen horrors
  11 deep elf archers
  10 naga ritualists
  11 flayed ghosts
  42 deep trolls
  3 orange crystal statues
  11 ironbrand convokers
  12 orc knights
  7 necromancers
  A sphinx zombie (Crypt:3)
  3 golden dragon skeletons
  12 phantasmal warriors
  4 anaconda skeletons
  A shadow dragon zombie (Coc:1)
  A lindwurm (Lair:6)
  6 shining eyes
  A kraken simulacrum (Coc:4)
  49 deep elf magi
  34 harpies
  4 stone giant zombies
  9 wolf spiders
  A shadow dragon skeleton (Tar:3)
  2 frost giant zombies
  12 cyclopes
  2 cyclopes (shapeshifter)
  2 wolf spider zombies
  8 mana vipers
  13 fauns
  37 ugly things
  3 iron dragon zombies
  12 orc sorcerers
  21 manticores
  20 salamanders
  A guardian serpent (shapeshifter) (Vaults:1)
  A salamander (shapeshifter) (Depths:4)
  2 iron dragon skeletons
  A fire giant skeleton (Coc:1)
  3 fire giant zombies (Coc:7)
  24 moths of wrath
  A worldbinder (Lair:1)
  6 centaur zombies
  17 vault sentinels
  5 stone giant skeletons
  23 naga magi
  44 black mambas
  6 merfolk sirens
  2 frost giant skeletons
  17 guardian serpents
  2 rust devils
  2 smoke demons
  10 ice statues
  An eye of devastation (Slime:5)
  10 water nymphs
  A torpor snail (shapeshifter) (Vaults:5)
  3 molten gargoyles
  A moth of wrath (shapeshifter) (Vaults:3)
  Maurice (Orc:2)
  2 spriggan skeletons (Depths:4)
  5 hellions
  3 centaur skeletons
  A purple draconian zombie (Crypt:1)
  9 spiny frogs
  3 efreet (Zot:1)
  A torpor snail (Lair:6)
  A dire elephant skeleton (Coc:7)
  5 rime drakes
  4 komodo dragons
  39 yaktaurs
  An emperor scorpion zombie (Coc:7)
  12 tormentors
  3 tengu conjurers
  4 anaconda simulacra
  63 ice devils
  42 freezing wraiths
  A demonic crawler (Hell)
  4 guardian mummies (Crypt:3)
  A catoblepas skeleton (Tar:2)
  3 red devils
  A yaktaur (shapeshifter) (Vaults:3)
  A green draconian skeleton (Crypt:2)
  A golden dragon simulacrum (IceCv)
  12 trolls
  3 jumping spiders (shapeshifter)
  A pale draconian skeleton (Crypt:3)
  A harpy zombie (Crypt:3)
  8 hydra zombies
  10 wind drakes
  A jumping spider (Vaults:3)
  3 silent spectres
  A hippogriff (shapeshifter) (Vaults:1)
  A merfolk (shapeshifter) (Depths:5)
  26 merfolk
  7 hornets
  2 wolf spider simulacra
  20 snapping turtles
  2 harpy skeletons
  2 bog bodies (Crypt:3)
  A snapping turtle (shapeshifter) (Vaults:5)
  7 blink frogs (Lair:6)
  3 alligator zombies
  4 dream sheep (Shoals:1)
  3 fire dragon zombies
  5 hippogriffs
  A raiju (Lair:1)
  2 ice dragon zombies
  5 ettin zombies
  8 hydra skeletons
  88 slime creatures
  A stone giant simulacrum (Coc:7)
  A fire giant simulacrum (Vaults:3)
  A meliai zombie (D:15)
  An iron dragon simulacrum (Coc:1)
  2 air elementals (Elf:3)
  2 ettin skeletons
  30 water elementals
  5 ice dragon skeletons
  2 spriggans (shapeshifter)
  12 shadows
  7 alligator skeletons
  79 flying skulls
  8 wraiths
  3 dire elephant simulacra (IceCv)
  A black mamba zombie (Tar:3)
  2 fire dragon skeletons
  A centaur simulacrum (D:15)
  A human (Lair:5)
  3 ushabtiu (Crypt:3)
  2 humans (shapeshifter)
  2 ynoxinuls
  A black mamba skeleton (Crypt:1)
  A wind drake zombie (Crypt:1)
  62 yaks
  4 fire bats
  5 wyverns
  6 basilisks
  4 neqoxecs
  10 golden eyes
  7 fire elementals
  3 hogs (Lair:5)
  A wind drake skeleton (Crypt:2)
  A yak (shapeshifter) (Depths:2)
  2 vampire mosquitoes (D:12)
  4 hungry ghosts
  7 steam dragons
  Edmund (D:5)
  A harpy simulacrum (IceCv)
  5 acid dragons
  A redback simulacrum (D:15)
  The ghost of Doot the Insei, an amateur OpTm (D:3)
  A soldier ant (shapeshifter) (Depths:1)
  6 wargs
  3 hydra simulacra
  61 nagas
  7 water moccasins
  2 iron troll simulacra (IceCv)
  7 spiny frog zombies
  2 floating eyes (Depths:2)
  8 porcupines
  An orb spider zombie (Crypt:1)
  A deep troll skeleton (Crypt:3)
  13 hell hounds
  10 eyes of draining
  7 ice beasts
  39 orc warriors
  2 spiny frog skeletons
  2 black bears
  A hornet zombie (Crypt:1)
  3 phantoms
  A blink frog zombie (Crypt:3)
  41 ogres
  8 sky beasts
  An elephant zombie (Crypt:1)
  An ettin simulacrum (Coc:7)
  12 necrophages
  24 centaurs
  13 boggarts
  An elephant skeleton (Crypt:1)
  A manticore skeleton (Coc:7)
  A snapping turtle skeleton (Coc:5)
  A crocodile (shapeshifter) (Vaults:2)
  10 crocodiles
  20 bullfrogs
  2 big kobolds
  A gnoll sergeant (D:10)
  5 earth elementals
  A glowing shapeshifter simulacrum (Vaults:1)
  2 spiny frog simulacra
  5 scorpions
  A warg zombie (Crypt:2)
  A wyvern skeleton (D:13)
  12 killer bees
  52 wights
  6 electric eels
  5 lava snakes (Lair:6)
  18 crimson imps
  3 howler monkeys
  2 quasits
  2 starcursed masses (Abyss:3)
  5 bullfrog zombies
  A jelly (D:8)
  2 human simulacra
  6 hounds
  23 orc priests
  2 bullfrog skeletons
  3 iron imps (Depths:3)
  4 iguanas
  A porcupine zombie (Crypt:3)
  31 orc wizards
  4 worker ants
  A tengu zombie (Crypt:3)
  2 ogre zombies (Crypt:3)
  A mummy (Coc:1)
  A howler monkey zombie (D:5)
  6 gnolls
  14 adders
  12 shadow imps
  33 white imps
  An ufetubus (Depths:3)
  An ooze (D:7)
  A worm zombie (Crypt:2)
  An iguana zombie (Crypt:2)
  An adder skeleton (D:9)
  A worm (D:2)
  A dart slug (D:1)
  3 leopard geckos
  79 orcs
  3 ball pythons
  6 bats
  4 giant cockroaches
  12 goblins
  11 hobgoblins
  5 jackals
  19 kobolds
  5 quokkas
  A frilled lizard (D:1)
  A hobgoblin zombie (Crypt:2)
  A leopard gecko skeleton (D:6)
  An orc skeleton (Coc:7)
  A quokka skeleton (D:6)
  A quokka zombie (D:5)
  9 rats
  2 crawling corpses (Depths:3)
  13 plants
  8 tentacles
3193 creatures vanquished.

Vanquished Creatures (collateral kills)
  An ancient lich (Depths:4)
  A juggernaut (Depths:5)
  Xtahua (Depths:4)
  Geryon (Hell)
  A golden dragon (Zot:2)
  The ghost of yalue the Executioner, an adept MiFi of the Shining One (Crypt:2)
  A bone dragon (Tar:3)
  A storm dragon (Zot:2)
  A shadow dragon (Tar:3)
  A draconian shifter (Zot:2)
  A frost giant (Depths:5)
  A black draconian (Zot:2)
  A death ooze (Slime:5)
  A fire dragon (Zot:2)
  A great orb of eyes (Slime:1)
  A deep troll earth mage (Depths:5)
  A skeletal warrior (Tar:3)
  A harpy (Shoals:3)
  A mana viper (Abyss:3)
  2 shining eyes (Slime:1)
  A komodo dragon (Lair:1)
  A freezing wraith (Coc:7)
  2 golden eyes (Abyss:3)
  2 neqoxecs (Abyss:3)
  An eye of draining (Slime:1)
28 creatures vanquished.

Vanquished Creatures (others)
  A death cob (Zot:4)
  A nagaraja (Snake:4)
  A deep elf elementalist (Elf:3)
  An elemental wellspring (Coc:7)
  An ice dragon (Zot:2)
  A fire dragon (Zot:2)
  A hell hog (Hell)
  A death drake (Zot:2)
  A black mamba (Snake:3)
  A rime drake (Shoals:1)
  A water elemental (Coc:7)
  An orc (Vaults:3)
  A bush (Lair:6)
  27 plants
  19 tentacles
  6 withered plants
65 creatures vanquished.

Grand Total: 3286 creatures vanquished

Notes
Turn   | Place    | Note
-------+----------+-------------------------------------------
     0 | D:1      | WalkingCorpse the Gnoll Wizard began the quest for the Orb.
     0 | D:1      | Reached XP level 1. HP: 13/13 MP: 8/8
   108 | D:1      | Reached XP level 2. HP: 19/19 MP: 6/10
   424 | D:1      | Reached XP level 3. HP: 25/25 MP: 3/11
   428 | D:1      | Learned a level 2 spell: Blink
   432 | D:1      | Learned a level 3 spell: Mephitic Cloud
  1108 | D:2      | Found a sacrificial altar of Ru.
  1193 | D:2      | Reached skill level 1 in Invocations
  1459 | D:2      | Reached skill level 1 in Fighting
  1459 | D:2      | Reached skill level 1 in Short Blades
  1459 | D:2      | Reached skill level 1 in Long Blades
  1459 | D:2      | Reached skill level 1 in Axes
  1459 | D:2      | Reached skill level 1 in Maces & Flails
  1459 | D:2      | Reached skill level 1 in Polearms
  1459 | D:2      | Reached skill level 1 in Staves
  1459 | D:2      | Reached skill level 1 in Slings
  1459 | D:2      | Reached skill level 1 in Bows
  1459 | D:2      | Reached skill level 1 in Crossbows
  1459 | D:2      | Reached skill level 1 in Throwing
  1459 | D:2      | Reached skill level 1 in Armour
  1459 | D:2      | Reached skill level 1 in Shields
  1459 | D:2      | Reached skill level 1 in Unarmed Combat
  1459 | D:2      | Reached skill level 1 in Evocations
  1459 | D:2      | Reached XP level 4. HP: 32/32 MP: 7/13
  2003 | D:3      | Reached skill level 1 in Hexes
  2003 | D:3      | Reached skill level 1 in Charms
  2003 | D:3      | Reached skill level 1 in Necromancy
  2003 | D:3      | Reached skill level 1 in Transmutations
  2003 | D:3      | Reached skill level 1 in Fire Magic
  2003 | D:3      | Reached skill level 1 in Ice Magic
  2003 | D:3      | Reached skill level 1 in Air Magic
  2003 | D:3      | Reached skill level 1 in Earth Magic
  2003 | D:3      | Reached skill level 1 in Poison Magic
  2115 | D:3      | Reached XP level 5. HP: 37/37 MP: 9/14
  2318 | D:3      | Noticed a sky beast
  2404 | D:2      | Killed a sky beast
  2798 | D:2      | Reached XP level 6. HP: 20/44 MP: 4/16
  3311 | D:3      | Reached skill level 5 in Dodging
  3640 | D:3      | Found a runed translucent door.
  3640 | D:3      | Noticed Doot's ghost (amateur OpTm)
  3922 | D:4      | Got a transparent spear
  3923 | D:4      | Identified the +7 spear of Valour {vorpal, rPois} (You
                  | found it on level 4 of the Dungeon)
  4125 | D:4      | Found a bloodstained altar of Trog.
  4525 | D:4      | Reached XP level 7. HP: 42/50 MP: 14/18
  4742 | D:5      | Entered Level 5 of the Dungeon
  5319 | D:5      | Found a glowing golden altar of the Shining One.
  5359 | D:5      | Reached skill level 5 in Stealth
  5382 | D:5      | Got a pair of ancient gloves
  5388 | D:5      | Identified the +0 pair of gloves "Allocsy" {MR+ MP+9 Int-4}
                  | (You found it on level 5 of the Dungeon)
  5617 | D:5      | Found Gabal's Lightly-Used Armoury.
  5695 | D:6      | Noticed Edmund
  5704 | D:5      | Reached XP level 8. HP: 33/57 MP: 19/19
  5888 | D:5      | Killed Edmund
  6768 | D:7      | Found a blossoming altar of Fedhas.
  6793 | D:7      | Got a scintillating granite ring
  6795 | D:7      | Identified the ring "Roocaulist" {rElec MR+ MP+9 Dex+4}
                  | (You found it on level 7 of the Dungeon)
  6915 | D:7      | Found a staircase to the Ecumenical Temple.
  6924 | Temple   | Entered the Ecumenical Temple
  6956 | Temple   | Became a worshipper of Vehumet
  7212 | D:7      | Reached XP level 9. HP: 65/65 MP: 21/21
  7929 | D:6      | Reached skill level 6 in Stealth
  8000 | D:6      | Reached * piety under Vehumet
  8000 | D:6      | Offered knowledge of Sandblast by Vehumet.
  8360 | D:7      | Noticed a troll
  8377 | D:7      | Killed a troll
  8582 | D:8      | Reached skill level 5 in Invocations
  8722 | D:8      | Found a basalt altar of Yredelemnul.
  8813 | D:8      | Reached XP level 10. HP: 60/73 MP: 22/22
  9153 | D:8      | Reached ** piety under Vehumet
  9345 | D:9      | Offered knowledge of Shock by Vehumet.
  9356 | D:8      | Reached skill level 5 in Fighting
  9356 | D:8      | Reached skill level 5 in Short Blades
  9356 | D:8      | Reached skill level 5 in Long Blades
  9356 | D:8      | Reached skill level 5 in Axes
  9356 | D:8      | Reached skill level 5 in Maces & Flails
  9356 | D:8      | Reached skill level 5 in Polearms
  9356 | D:8      | Reached skill level 5 in Staves
  9356 | D:8      | Reached skill level 5 in Slings
  9356 | D:8      | Reached skill level 5 in Bows
  9356 | D:8      | Reached skill level 5 in Crossbows
  9356 | D:8      | Reached skill level 5 in Throwing
  9356 | D:8      | Reached skill level 5 in Armour
  9356 | D:8      | Reached skill level 5 in Shields
  9356 | D:8      | Reached skill level 5 in Unarmed Combat
  9356 | D:8      | Reached skill level 5 in Evocations
  9943 | D:9      | Noticed a two-headed ogre
  9960 | D:9      | Killed a two-headed ogre
  9960 | D:9      | Reached skill level 5 in Conjurations
  9960 | D:9      | Reached skill level 5 in Summonings
  9960 | D:9      | Reached skill level 5 in Translocations
 10031 | D:9      | Found Nibeuck's General Store.
 10127 | D:9      | Found a runed translucent gate.
 10128 | D:9      | Found a runed translucent gate.
 10129 | D:9      | Found a runed translucent gate.
 10131 | D:9      | Noticed an 11-headed hydra
 10131 | D:9      | Noticed Skodnik20's ghost (novice MiBe)
 10180 | D:9      | Reached skill level 7 in Stealth
 10397 | D:10     | Entered Level 10 of the Dungeon
 10397 | D:10     | Found a staircase to the Lair.
 10615 | D:10     | Found a staircase to the Orcish Mines.
 10746 | D:10     | Offered knowledge of Frozen Ramparts by Vehumet.
 10746 | D:10     | Reached XP level 11. HP: 50/81 MP: 24/24
 10976 | D:10     | Identified Ilegoh's Tome of Conjuration
 11393 | D:10     | Reached *** piety under Vehumet
 11777 | D:10     | Reached skill level 5 in Hexes
 11777 | D:10     | Reached skill level 5 in Charms
 11777 | D:10     | Reached skill level 5 in Necromancy
 11777 | D:10     | Reached skill level 5 in Transmutations
 11777 | D:10     | Reached skill level 5 in Fire Magic
 11777 | D:10     | Reached skill level 5 in Ice Magic
 11777 | D:10     | Reached skill level 5 in Air Magic
 11777 | D:10     | Reached skill level 5 in Earth Magic
 11777 | D:10     | Reached skill level 5 in Poison Magic
 11895 | D:10     | Found Zuacw's Weapon Shop.
 12293 | D:3      | Killed Doot's ghost
 12531 | Lair:1   | Entered Level 1 of the Lair of Beasts
 12531 | Lair:1   | Noticed a worldbinder
 12544 | Lair:1   | Offered knowledge of Ignite Poison by Vehumet.
 12549 | Lair:1   | Learned a level 3 spell: Ignite Poison
 13144 | Lair:1   | Killed a spiny frog
 13369 | Lair:1   | Noticed a six-headed hydra
 13383 | Lair:1   | Killed a six-headed hydra
 13727 | Lair:1   | Found a transporter.
 13783 | Lair:1   | Identified the +5 trident "Koraar" {distort, SInv}
 13783 | Lair:1   | Noticed a spriggan rider
 13784 | Lair:1   | Noticed a sun demon
 13789 | Lair:1   | Noticed Vew Pil's ghost (journeyman DrTm)
 13795 | Lair:1   | Found a one-way gate to the infinite horrors of the Abyss.
 13801 | Lair:1   | Noticed a cacodemon
 13891 | Lair:1   | Found a transporter.
 14196 | Lair:2   | HP: 4/83 [poisoned by a black mamba]
 14202 | Lair:2   | HP: 3/83 [poisoned by a black mamba]
 14208 | Lair:2   | HP: 2/83 [poisoned by a black mamba]
 14216 | Lair:2   | HP: 2/83 [poisoned by a black mamba]
 14619 | Lair:2   | Learned a level 4 spell: Olgreb's Toxic Radiance
 14653 | Lair:2   | Found a staircase to the Snake Pit.
 14829 | Lair:2   | Noticed an eight-headed hydra
 14834 | Lair:2   | Killed an eight-headed hydra
 14901 | Lair:2   | Reached skill level 8 in Stealth
 14911 | Lair:2   | Reached XP level 12. HP: 83/89 MP: 25/25
 15147 | Lair:2   | Reached skill level 10 in Spellcasting
 15541 | Orc:1    | Entered Level 1 of the Orcish Mines
 15554 | Orc:2    | Entered Level 2 of the Orcish Mines
 15554 | Orc:2    | Noticed Maurice
 15558 | Orc:2    | Killed Maurice
 15559 | Orc:2    | Found Myff's Antique Armour Emporium.
 16453 | Orc:1    | Found Tentor's Assorted Antiques.
 16643 | Orc:1    | Reached **** piety under Vehumet
 16854 | Orc:2    | Offered knowledge of Airstrike by Vehumet.
 17140 | Orc:2    | Found a burning altar of Makhleb.
 17237 | Orc:2    | Noticed an orc high priest
 17248 | Orc:2    | Killed an orc high priest
 17253 | Orc:2    | Noticed a sun demon
 17608 | Orc:2    | Found Egetocw's General Store.
 17608 | Orc:2    | Found Icra's Antique Weapon Emporium.
 17609 | Orc:2    | Found Okhlom's Antique Armour Emporium.
 17612 | Orc:2    | Found Weycie's Jewellery Shoppe.
 17615 | Orc:2    | Bought a scroll of blinking for 90 gold pieces
 17615 | Orc:2    | Bought a scroll of random uselessness for 12 gold pieces
 17858 | Orc:2    | Found a staircase to the Elven Halls.
 17860 | Orc:2    | Found a roughly hewn altar of Beogh.
 17949 | Orc:2    | Noticed Urug
 17968 | Orc:2    | Killed Urug
 18380 | Lair:3   | Noticed an eight-headed hydra
 18418 | Lair:2   | Killed an eight-headed hydra
 18418 | Lair:2   | Reached XP level 13. HP: 86/98 MP: 27/27
 19138 | Lair:3   | Reached skill level 9 in Stealth
 19481 | Lair:4   | Found a staircase to the Shoals.
 19572 | Lair:4   | Reached ***** piety under Vehumet
 19827 | Lair:4   | Offered knowledge of Spellforged Servitor by Vehumet.
 19838 | Lair:4   | Learned a level 7 spell: Spellforged Servitor
 21198 | Lair:5   | Noticed Kirke
 21206 | Lair:5   | Killed Kirke
 21290 | Lair:5   | Found a staircase to the Slime Pits.
 21290 | Lair:5   | Found a viscous altar of Jiyva.
 22049 | Lair:6   | Entered Level 6 of the Lair of Beasts
 22367 | Lair:5   | Noticed an emperor scorpion
 22367 | Lair:5   | an eight-headed hydra changed into an emperor scorpion
 22379 | Lair:5   | an emperor scorpion changed into a queen ant
 22758 | Lair:5   | Reached XP level 14. HP: 106/106 MP: 29/29
 22799 | Lair:4   | Learned a level 6 spell: Freezing Cloud
 23084 | Lair:6   | Reached skill level 10 in Dodging
 23536 | Lair:6   | Offered knowledge of Lightning Bolt by Vehumet.
 23543 | Lair:6   | Learned a level 5 spell: Lightning Bolt
 24251 | Lair:6   | Reached skill level 10 in Stealth
 24536 | Lair:6   | Found a large runed translucent door.
 24893 | Lair:6   | Found a large runed translucent door.
 25319 | Lair:6   | Reached skill level 10 in Invocations
 27766 | D:12     | Found Colatuen's Assorted Antiques.
 28207 | D:13     | Offered knowledge of Conjure Ball Lightning by Vehumet.
 28222 | D:13     | Reached XP level 15. HP: 61/114 MP: 30/30
 28466 | D:13     | Found a gate to the Vaults.
 29518 | D:14     | Noticed Snorg
 29526 | D:14     | Killed Snorg
 29634 | D:14     | Identified the +9 glaive "Ruskigog" {vorpal, rElec MR+
                  | Str-4 Stlth+}
 30059 | D:15     | Entered Level 15 of the Dungeon
 30065 | D:15     | Noticed a frost giant
 30303 | D:15     | Reached skill level 10 in Fighting
 30303 | D:15     | Reached skill level 10 in Short Blades
 30303 | D:15     | Reached skill level 10 in Long Blades
 30303 | D:15     | Reached skill level 10 in Axes
 30303 | D:15     | Reached skill level 10 in Maces & Flails
 30303 | D:15     | Reached skill level 10 in Polearms
 30303 | D:15     | Reached skill level 10 in Staves
 30303 | D:15     | Reached skill level 10 in Slings
 30303 | D:15     | Reached skill level 10 in Bows
 30303 | D:15     | Reached skill level 10 in Crossbows
 30303 | D:15     | Reached skill level 10 in Throwing
 30303 | D:15     | Reached skill level 10 in Armour
 30303 | D:15     | Reached skill level 10 in Shields
 30303 | D:15     | Reached skill level 10 in Unarmed Combat
 30303 | D:15     | Reached skill level 10 in Evocations
 30380 | D:15     | Offered knowledge of Starburst by Vehumet.
 30804 | D:15     | Killed a frost giant
 31076 | D:15     | Reached skill level 11 in Stealth
 31111 | D:15     | Found a staircase to the Depths.
 31809 | D:9      | Killed Skodnik20's ghost
 31842 | D:9      | Got a jewelled double sword
 31852 | D:9      | Identified the cursed +1 double sword of the Kidney {elec,
                  | rPois Int+2 SInv} (You found it on level 9 of the Dungeon)
 32011 | Shoals:1 | Entered Level 1 of the Shoals
 32210 | Shoals:1 | Reached XP level 16. HP: 122/122 MP: 32/32
 32313 | Shoals:1 | Noticed Louise
 32335 | Shoals:1 | Killed Louise
 32746 | Shoals:1 | Found Qott's Mayhem Merchandise.
 32780 | Shoals:1 | Found a transporter.
 32805 | Shoals:1 | Found the +7 Spriggan's Knife {stab, EV+4 Stlth+}
 33233 | Shoals:1 | Learned a level 5 spell: Borgnjor's Vile Clutch
 34024 | Elf:1    | Entered Level 1 of the Elven Halls
 34609 | Elf:1    | Found Otivvay's One-of-a-Kind Books.
 34617 | Elf:1    | Offered knowledge of Orb of Destruction by Vehumet.
 34805 | D:13     | Learned a level 7 spell: Orb of Destruction
 35723 | Elf:2    | Found Yzaiv's Magic Scroll Emporium.
 35723 | Elf:2    | Noticed Asterion
 36148 | Elf:2    | Found a runed translucent gate.
 36148 | Elf:2    | Found a runed translucent gate.
 36150 | Elf:2    | Found a runed translucent gate.
 36381 | Elf:2    | Bought 2 scrolls of blinking for 255 gold pieces
 36446 | Elf:2    | Killed Asterion
 36687 | Elf:2    | Reached XP level 17. HP: 127/131 MP: 33/33
 37104 | Elf:2    | Noticed a deep elf blademaster
 37388 | Elf:2    | Killed a deep elf blademaster
 37435 | Elf:2    | HP: 3/131 [deep elf mage/bolt of negative energy (18)]
 37677 | Elf:2    | Reached skill level 12 in Stealth
 38237 | Elf:2    | Reached skill level 10 in Conjurations
 38237 | Elf:2    | Reached skill level 10 in Summonings
 38237 | Elf:2    | Reached skill level 10 in Translocations
 38373 | Elf:3    | Entered Level 3 of the Elven Halls
 38455 | Elf:3    | Noticed a deep elf blademaster
 38456 | Elf:3    | Noticed a deep elf master archer
 38470 | Elf:3    | Killed a deep elf master archer
 38470 | Elf:3    | Offered knowledge of Fireball by Vehumet.
 38477 | Elf:3    | Killed a deep elf blademaster
 38497 | Elf:3    | Learned a level 5 spell: Fireball
 38561 | Elf:3    | Noticed a deep elf blademaster
 38574 | Elf:3    | Killed a deep elf blademaster
 38749 | Elf:3    | Noticed a deep elf blademaster
 38767 | Elf:3    | Killed a deep elf blademaster
 39012 | Elf:3    | Noticed a deep elf blademaster
 39033 | Elf:3    | Killed a deep elf blademaster
 39033 | Elf:3    | Reached skill level 10 in Hexes
 39033 | Elf:3    | Reached skill level 10 in Charms
 39033 | Elf:3    | Reached skill level 10 in Necromancy
 39033 | Elf:3    | Reached skill level 10 in Transmutations
 39033 | Elf:3    | Reached skill level 10 in Fire Magic
 39033 | Elf:3    | Reached skill level 10 in Ice Magic
 39033 | Elf:3    | Reached skill level 10 in Air Magic
 39033 | Elf:3    | Reached skill level 10 in Earth Magic
 39033 | Elf:3    | Reached skill level 10 in Poison Magic
 39122 | Elf:3    | Noticed a deep elf master archer
 39267 | Elf:3    | Reached XP level 18. HP: 139/139 MP: 35/35
 39432 | Elf:3    | Identified the +0 plate armour "Ifith" {MR+ Int+8}
 39757 | Elf:3    | Killed a deep elf master archer
 40121 | Elf:3    | Identified the +1 robe "Huups" {*Contam Dex+2 Stlth+}
 40247 | Elf:3    | Identified the +13 plate armour of the Flute {rC+}
 42099 | Shoals:3 | Noticed Polyphemus
 42117 | Shoals:3 | Killed Polyphemus
 42350 | Shoals:3 | Reached ****** piety under Vehumet
 42528 | Shoals:3 | Offered knowledge of Iron Shot by Vehumet.
 42552 | Shoals:3 | Learned a level 6 spell: Iron Shot
 43591 | Shoals:4 | Entered Level 4 of the Shoals
 43714 | Shoals:4 | Found a frozen archway.
 43800 | IceCv    | Entered an ice cave
 44040 | IceCv    | Reached XP level 19. HP: 135/147 MP: 29/36
 44396 | Shoals:4 | Reached skill level 13 in Stealth
 44933 | Shoals:4 | Got a barnacled rune of Zot
 46042 | Snake:1  | Entered Level 1 of the Snake Pit
 47742 | Snake:2  | Offered knowledge of Fire Storm by Vehumet.
 47742 | Snake:2  | Offered knowledge of Chain Lightning by Vehumet.
 47742 | Snake:2  | Offered knowledge of Absolute Zero by Vehumet.
 47913 | Snake:2  | Noticed Nikola
 47913 | Snake:2  | Noticed Aizul
 48022 | Snake:2  | Killed Aizul
 48231 | Snake:2  | Killed Nikola
 48561 | Snake:3  | Reached XP level 20. HP: 126/155 MP: 31/38
 49286 | Snake:3  | Found Pazafrib's General Store.
 49519 | Snake:4  | Entered Level 4 of the Snake Pit
 50587 | Snake:4  | Found a snail-covered altar of Cheibriados.
 51146 | Snake:4  | Identified a scroll of acquirement
 51151 | Snake:4  | Reached skill level 14 in Stealth
 51151 | Snake:4  | Reached XP level 21. HP: 163/163 MP: 16/39
 51430 | Snake:4  | Got a serpentine rune of Zot
 51952 | Vaults:1 | Entered Level 1 of the Vaults
 52126 | Vaults:1 | Reached skill level 15 in Spellcasting
 52344 | Vaults:1 | Reached XP level 22. HP: 155/170 MP: 41/41
 53613 | Vaults:1 | Found Ibut's Jewellery Emporium.
 53856 | Vaults:2 | Reached skill level 15 in Invocations
 54336 | Vaults:2 | You fall into a shaft and drop 1 floor!
 54649 | Vaults:2 | Noticed Donald
 54679 | Vaults:2 | Killed Donald
 54787 | Vaults:2 | Found an iron altar of Okawaru.
 56093 | Vaults:3 | Found a staircase to the Crypt.
 56107 | Vaults:3 | Noticed Margery
 56129 | Vaults:3 | Reached XP level 23. HP: 106/178 MP: 15/42
 56130 | Vaults:3 | Killed Margery
 56338 | Vaults:3 | Identified the Collected Works on Cankerous Cold
 56585 | Vaults:3 | Paralysed by a lich for 5 turns
 56707 | Vaults:3 | Noticed Bai Suzhen
 56722 | Vaults:3 | Killed Bai Suzhen
 56881 | Vaults:3 | Noticed Saint Roka
 56882 | Vaults:3 | Reached skill level 15 in Dodging
 56891 | Vaults:3 | Killed Saint Roka
 57000 | Vaults:3 | Found Fybreu's Antique Weapon Boutique.
 57372 | Vaults:3 | Found the +7 great mace "Firestarter" {inner flame, rF++}
 57425 | Vaults:3 | Reached skill level 15 in Stealth
 58884 | Vaults:4 | Found a large runed translucent door.
 58884 | Vaults:4 | Found a large runed translucent door.
 58884 | Vaults:4 | Noticed ragingrage's ghost (veteran HOFi)
 58884 | Vaults:4 | Noticed christhawk's ghost (adept MiHu)
 59555 | Lair:1   | Killed Vew Pil's ghost
 60464 | Depths:1 | Entered Level 1 of the Depths
 60545 | Depths:1 | Found a gateway to Hell.
 61181 | Depths:1 | Reached XP level 24. HP: 187/187 MP: 43/43
 61221 | Depths:1 | Found a portal to a secret trove of treasure.
 61488 | Depths:1 | Found Efeakim's Serpentskin Sales.
 61899 | Depths:2 | Reached skill level 15 in Fighting
 61899 | Depths:2 | Reached skill level 15 in Short Blades
 61899 | Depths:2 | Reached skill level 15 in Long Blades
 61899 | Depths:2 | Reached skill level 15 in Axes
 61899 | Depths:2 | Reached skill level 15 in Maces & Flails
 61899 | Depths:2 | Reached skill level 15 in Polearms
 61899 | Depths:2 | Reached skill level 15 in Staves
 61899 | Depths:2 | Reached skill level 15 in Slings
 61899 | Depths:2 | Reached skill level 15 in Bows
 61899 | Depths:2 | Reached skill level 15 in Crossbows
 61899 | Depths:2 | Reached skill level 15 in Throwing
 61899 | Depths:2 | Reached skill level 15 in Armour
 61899 | Depths:2 | Reached skill level 15 in Shields
 61899 | Depths:2 | Reached skill level 15 in Unarmed Combat
 61899 | Depths:2 | Reached skill level 15 in Evocations
 62245 | Depths:2 | Found a one-way gate leading to the halls of Pandemonium.
 64423 | Depths:3 | You fall into a shaft and drop 2 floors!
 64423 | Depths:5 | Entered Level 5 of the Depths
 64423 | Depths:5 | Found Hotigo's Assorted Antiques.
 64427 | Depths:5 | Bought a brightly glowing bronze ring for 220 gold pieces
 64427 | Depths:5 | Bought a potion of curing for 132 gold pieces
 64427 | Depths:5 | Bought a scroll of fear for 154 gold pieces
 64427 | Depths:5 | Bought a scroll of teleportation for 132 gold pieces
 64428 | Depths:5 | Identified the ring "Xithalis" {*Tele Str+2 Int-5 Slay+2}
                  | (You bought it in a shop on level 5 of the Depths)
 64479 | Depths:5 | Learned a level 4 spell: Summon Lightning Spire
 64796 | Depths:5 | Noticed a juggernaut
 64822 | Depths:5 | Killed a juggernaut
 64824 | Depths:5 | Reached XP level 25. HP: 37/195 MP: 9/43
 65640 | Depths:5 | Reached skill level 16 in Stealth
 65936 | Depths:5 | Found a gate to the Realm of Zot.
 66819 | Depths:5 | Found a gateway to a ziggurat.
 68035 | Depths:4 | Noticed Xtahua
 68045 | Depths:4 | Paralysed by Xtahua for 6 turns
 68047 | Depths:4 | Killed Xtahua
 68275 | Depths:4 | Identified Sif Muna's Compendium of Twisted Beguiling
 68443 | Depths:4 | Found a shimmering blue altar of Sif Muna.
 68447 | Depths:4 | Noticed an ancient lich
 68471 | Depths:4 | Killed an ancient lich
 68696 | Depths:4 | Identified Onwin's Grimoire of Earthen Flames
 68753 | Depths:4 | Noticed an ancient lich
 68761 | Depths:4 | Killed an ancient lich
 68780 | Depths:4 | Identified Sif Muna's Catalogue of Fetching Weightlessness
 68801 | Depths:4 | Identified the Reference Book on Transformation and the
                  | Snowflakes
 68935 | Depths:4 | Reached XP level 26. HP: 204/204 MP: 30/44
 69937 | Crypt:1  | Entered Level 1 of the Crypt
 71653 | Crypt:2  | Found a runed translucent door.
 71653 | Crypt:2  | Noticed yalue's ghost (adept MiFi)
 71788 | Crypt:2  | Reached skill level 17 in Stealth
 72098 | Crypt:3  | Entered Level 3 of the Crypt
 73060 | Crypt:3  | Found a staircase to the Tomb.
 73963 | Crypt:3  | Found an ancient bone altar of Kikubaaqudgha.
 73969 | Crypt:3  | Found a basalt altar of Yredelemnul.
 73975 | Crypt:3  | Identified the +9 great sword of the Fifty Eyes {drain,
                  | Dex+4}
 74663 | Crypt:3  | Identified the Volume of Inference
 74683 | Crypt:3  | Got a faintly glowing tin amulet
 74685 | Crypt:3  | Identified the amulet "Acim Dai" {RegenMP rC+} (You found
                  | it on level 3 of the Crypt)
 74754 | Crypt:3  | Upgraded the game from 0.25-b1-46-gb8a1ec05df to
                  | 0.25-b1-50-g7b83aa72e5
 75145 | Depths:1 | Identified the +5 war axe "Puyng" {antimagic, rElec rF+
                  | rC+}
 75168 | Hell     | Entered the Vestibule of Hell
 75168 | Hell     | Noticed Geryon
 75175 | Hell     | Noticed Murray
 75178 | Hell     | Killed Geryon
 75183 | Hell     | Killed Murray
 75183 | Hell     | Reached XP level 27. HP: 213/213 MP: 14/44
 76203 | Hell     | Found a gateway to the Iron City of Dis.
 76392 | Hell     | Found a gateway to the freezing wastes of Cocytus.
 76485 | Hell     | Found a gateway to the decaying netherworld of Tartarus.
 76586 | Hell     | Found a gateway to the ashen valley of Gehenna.
 76602 | Hell     | Cast into level 3 of the Abyss (hell knight)
 76763 | Abyss:3  | Got an abyssal rune of Zot
 76779 | Hell     | Escaped the Abyss
 77052 | D:13     | Learned a level 8 spell: Ignition
 77235 | Vaults:5 | Entered Level 5 of the Vaults
 77236 | Vaults:5 | Reached skill level 18 in Stealth
 78270 | Vaults:5 | Identified the +8 mace "Het Cyih" {holy, *Slow rF+++ Int-4
                  | Stlth+}
 78270 | Vaults:5 | Identified the amulet of Nivuwek {Acrobat rElec rF+++ rC-
                  | Str-5}
 79051 | Vaults:5 | Noticed an ancient lich
 79408 | Vaults:3 | Killed an ancient lich
 80137 | Vaults:4 | Reached skill level 15 in Conjurations
 80137 | Vaults:4 | Reached skill level 15 in Summonings
 80137 | Vaults:4 | Reached skill level 15 in Translocations
 80253 | Vaults:5 | Identified the +1 robe of Responsibility {-Tele rPois rF+
                  | Slay+3}
 80352 | Vaults:5 | Cast into level 3 of the Abyss (a deep elf sorcerer)
 80388 | Vaults:5 | Escaped the Abyss
 80829 | Vaults:5 | Identified the Disquisition on Blistering Companions
 80995 | Vaults:5 | Got a silver rune of Zot
 81113 | Vaults:5 | Identified the Handbook of the Many Beasts
 81136 | Vaults:5 | Identified the ring "Bakei" {MP+9 Str+4} (You found it on
                  | level 5 of the Vaults)
 81523 | Vaults:5 | Reached skill level 15 in Hexes
 81523 | Vaults:5 | Reached skill level 15 in Charms
 81523 | Vaults:5 | Reached skill level 15 in Necromancy
 81523 | Vaults:5 | Reached skill level 15 in Transmutations
 81523 | Vaults:5 | Reached skill level 15 in Fire Magic
 81523 | Vaults:5 | Reached skill level 15 in Ice Magic
 81523 | Vaults:5 | Reached skill level 15 in Air Magic
 81523 | Vaults:5 | Reached skill level 15 in Earth Magic
 81523 | Vaults:5 | Reached skill level 15 in Poison Magic
 81923 | Vaults:5 | Identified the Tome of the Mountains and the Compass
 81939 | Vaults:5 | Got a pair of faintly humming gloves
 81950 | Vaults:5 | Identified the +2 pair of gloves "Wuytow" {+Blink} (You
                  | found it on level 5 of the Vaults)
 82388 | Slime:1  | Entered Level 1 of the Pits of Slime
 82394 | Slime:1  | Reached skill level 19 in Stealth
 82648 | Slime:1  | Gained mutation: Your spells are a little easier to cast,
                  | but a little less powerful. [a shining eye]
 82684 | Slime:1  | Gained mutation: You tend to lose your temper in combat. [a
                  | shining eye]
 83617 | Slime:5  | Entered Level 5 of the Pits of Slime
 84133 | Slime:5  | Noticed the Royal Jelly
 84278 | Slime:5  | Found a viscous altar of Jiyva.
 84832 | Slime:5  | Killed the Royal Jelly
 84875 | Slime:5  | Found the +0 sword of Power
 84876 | Slime:5  | Identified the Reference Book on Beguiling
 84954 | Slime:5  | Got a slimy rune of Zot
 84956 | Slime:5  | Got a steaming copper ring
 85289 | D:13     | Identified the ring "Tiumotzu" {MR+ Slay+3} (You found it
                  | on level 5 of the Pits of Slime)
 85290 | D:13     | Lost mutation: Your spells are a little easier to cast, but
                  | a little less powerful. [potion of mutation]
 85290 | D:13     | Lost mutation: You tend to lose your temper in combat.
                  | [potion of mutation]
 85290 | D:13     | Gained mutation: You possess an exceptional clarity of
                  | mind. [potion of mutation]
 85290 | D:13     | Gained mutation: You are partially covered in yellow
                  | scales. (AC +2) [potion of mutation]
 85495 | Depths:1 | You showed the slimy rune of Zot to enter a treasure trove
 85496 | Trove    | Entered a treasure trove
 85582 | Trove    | Identified a +1 pair of boots of running (You found it in a
                  | treasure trove)
 85585 | Trove    | Got a transparent hat
 85597 | Trove    | Identified the +0 hat of Action {+Fly rN+ Dex-2 SInv} (You
                  | found it in a treasure trove)
 86113 | D:15     | Identified the Compendium of Snow
 86390 | Vaults:4 | Killed ragingrage's ghost
 86397 | Vaults:4 | Killed christhawk's ghost
 86575 | Crypt:2  | Killed yalue's ghost
 86978 | Zot:1    | Entered Level 1 of the Realm of Zot
 87003 | Zot:1    | Identified the +4 battleaxe of Hepliaklqana's Delight
                  | {vorpal, rC+ Str+6} (You found it on level 1 of the Realm
                  | of Zot)
 88005 | Zot:1    | Reached skill level 20 in Stealth
 88014 | Zot:1    | Upgraded the game from 0.25-b1-50-g7b83aa72e5 to
                  | 0.25.0-1-g7eea58d2a3
 88219 | Zot:2    | Noticed an orb of fire
 88244 | Zot:2    | Killed an orb of fire
 89529 | Zot:2    | Identified Varhisso's Intricacies of Theurgy
 91154 | Zot:3    | Got Sif Muna's Compendium of Damaging Earth
 91164 | Zot:3    | Learned a level 5 spell: Lee's Rapid Deconstruction
 91208 | Zot:3    | Found a huge runed gate.
 91208 | Zot:3    | Found a huge runed gate.
 91208 | Zot:3    | Found a huge runed gate.
 91208 | Zot:3    | Found a huge runed gate.
 91208 | Zot:3    | Found a huge runed gate.
 91213 | Zot:3    | Found a huge runed gate.
 91213 | Zot:3    | Found a huge runed gate.
 91213 | Zot:3    | Found a huge runed gate.
 91274 | Zot:3    | Found a huge runed gate.
 91274 | Zot:3    | Found a huge runed gate.
 91274 | Zot:3    | Found a huge runed gate.
 91274 | Zot:3    | Found a huge runed gate.
 91274 | Zot:3    | Found a huge runed gate.
 91275 | Zot:3    | Found a huge runed gate.
 91276 | Zot:3    | Found a huge runed gate.
 91277 | Zot:3    | Found a huge runed gate.
 91278 | Zot:3    | Found a huge runed gate.
 91279 | Zot:3    | Found a huge runed gate.
 91283 | Zot:3    | Found a huge runed gate.
 91283 | Zot:3    | Found a huge runed gate.
 91283 | Zot:3    | Found a huge runed gate.
 91337 | Zot:3    | Found a huge runed gate.
 91337 | Zot:3    | Found a huge runed gate.
 91337 | Zot:3    | Found a huge runed gate.
 91337 | Zot:3    | Found a huge runed gate.
 92817 | Zot:4    | Reached skill level 21 in Stealth
 95087 | D:13     | Learned a level 8 spell: Necromutation
 95231 | Coc:1    | Entered Level 1 of Cocytus
 96140 | Coc:5    | You fall into a shaft and drop 1 floor!
 96201 | Coc:7    | Entered Level 7 of Cocytus
 96753 | Coc:7    | Identified the Catalogue of Boosts
 96816 | Coc:7    | Identified the +9 dagger "Leviticus" {pain, rElec rPois
                  | rN++}
 96997 | Coc:7    | Reached skill level 22 in Stealth
 97446 | Coc:7    | Noticed Antaeus
 98750 | Coc:7    | Killed Antaeus
 98830 | Coc:7    | Got an icy rune of Zot
 99020 | Coc:7    | Identified the Papyrus of the Captivating Escort
 99317 | Tar:1    | Entered Level 1 of Tartarus
100751 | Tar:3    | Reached skill level 23 in Stealth
101600 | Tar:7    | Entered Level 7 of Tartarus
102131 | Tar:7    | Killed from afar by a Tzitzimitl

Illustrated notes

Levels and vault maps discovered:
D:1:      tarquinn_simple_flora_water_f, layout_basic, serial_curves,
          eino_curves_02, eino_curves_03, st_stairs_9, chequers_jeans
D:2:      layout_basic, nicolae_ru_sacrificial_ziggurat
D:3:      layout_basic, hellmonk_ghost_happy_afterlife, cheibrodos_gnoll_hut
D:4:      layout_basic, lemuel_coloured_pillars_altar, first_ration
D:5:      layout_basic, tso_oasis_becter, minmay_shop_damaged
D:6:      layout_rooms, chequers_big_river, uniq_edmund
D:7:      layout_cave_pods, fedhas_bush_and_centaur_altar,
          minmay_temple_entry_antechambers
D:8:      layout_gridville, yredelemnul_altar_generic
D:9:      layout_roguey, gammafunk_ghost_hydra_chop, serial_shops,
          nicolae_shop_behind_doors, hangedman_minor_gate_pass
D:10:     cheibrodos_steamvent, layout_basic, lair_entry_dummy, orc_0_dummy,
          serial_shops, nicolae_shop_crystal
D:11:     layout_long_grid
D:12:     layout_irregular_city, serial_shops, kennysheep_mini_moat
D:13:     layout_cave_pools, david_vaults_1
D:14:     layout_cave_pools, hangedman_decor_lopped, uniq_snorg
D:15:     grunt_enter_depths_magical_seal, layout_basic, serial_bayou_shore_b,
          minivault_12
Temple:   compressed_dpeg_circular_temple
Lair:1:   layout_hall_layers, gammafunk_ghost_abyssal_escape,
          grunt_forest_small_clearings
Lair:2:   layout_regular_city, guppyfry_snake_entry_garden
Lair:3:   layout_loops_ring, hangedman_lair_unloving_vines,
          eino_small_chamber_without_monster, lemuel_fruit_tree
Lair:4:   layout_cave_pods, minmay_shoals_entry_hut, grunt_megastairs_2,
          serial_bayou_shore_a
Lair:5:   layout_cave_pods, slime_altar_1, infiniplex_staircase_pool_2,
          grunt_megastairs_3, lemuel_fruit_fields, uniq_kirke
Lair:6:   cheibrodos_lair_end_hotspot, layout_regular_city, wad_woods_road_06,
          grunt_forest_small_clearing_treed
Shoals:1: gammafunk_the_bubble [the_bubble_gammafunk_split], layout_shoals,
          minmay_shop_mayhem, nicolae_shoals_drake_roost, uniq_louise
Shoals:2: layout_shoals, nicolae_shoals_seven_spires
Shoals:3: layout_shoals, uniq_polyphemus
Shoals:4: shoals_end_simple, layout_shoals, portal_ice_cave_entry_ice_statue_one
Snake:1:  nrook_guardian_serpent_snake_passage, layout_misc_corridors
Snake:2:  layout_misc_corridors, uniq_nikola, uniq_aizul
Snake:3:  layout_rooms, serial_shops, nicolae_shop_statue_plus
Snake:4:  snake_hunt, layout_layer_cave, basic_altar, st_stairs_4,
          grunt_ministairs_10, abandoned_shop
Slime:1:  layout_caves
Slime:2:  layout_caves
Slime:3:  layout_caves
Slime:4:  layout_caves, nicolae_slime_ancient_tower_intersection
Slime:5
Orc:1:    layout_diamond_mine, serial_shops, shop
Orc:2:    st_orc_mages, layout_diamond_mine, serial_shops,
          nicolae_shop_temple_entry_statues_fountains, basic_altar,
          lemuel_statue_altar, uniq_urug, uniq_maurice
Elf:1:    eino_elf_arrival_sip, layout_loops_cross,
          kennysheep_underground_church, nicolae_rare_books
Elf:2:    layout_onion_city, serial_shops, nicolae_shop_statue_plus,
          minmay_misc_feat_pillars, uniq_asterion
Elf:3:    minmay_elf_hall_circle, layout_geoelf_octagon, st_stairs_8
Vaults:1: nicolae_vaults_network_quinsquares
          [nicolae_vaults_network_quincunx_subvault,
          nicolae_vaults_network_quincunx_subvault,
          nicolae_vaults_network_quincunx_subvault,
          nicolae_vaults_network_quincunx_subvault], v_rooms_6,
          nicolae_vaults_back_hallway, vaults_mumra_minichess_inversion,
          nicolae_vaults_network_star, v_misc_16, v_misc_15, v_misc_25,
          hangedman_vaults_stream, vaults_room_grunt_arrival_ludios, v_misc_14,
          ontoclasm_vaults_fault, vaults_dpeg_doors, layout_vaults_omnibox,
          serial_shops, nicolae_shop_crystal
Vaults:2: nicolae_vaults_little_ls, vaults_standard_mumra_x, vaults_room_grid,
          st_octagons_1, v_misc_13, nicolae_vaults_hallways_thing,
          nicolae_vaults_network_barrier, nicolae_vaults_ninety_degrees,
          nicolae_vaults_three_branches, v_alt_pattern_2, vaults_room_door_ring,
          vaults_room_corners, ontoclasm_vaults_twist, vaults_dpeg_hooks,
          layout_vaults_maze, basic_altar, uniq_donald
Vaults:3: minmay_crypt_entry_simple_box, vaults_room_hangedman_quadrants,
          v_misc_16, hangedman_vaults_nodes, v_pattern_5, ontoclasm_vaults_eye,
          serial_ice_h, v_misc_9, layout_vaults_omnigrid, serial_shops, shop,
          uniq_margery, uniq_bai_suzhen, uniq_saint_roka
Vaults:4: advil_vaults_ghost_guards, nicolae_vaults_what_the_h,
          nicolae_vaults_network_s, vaults_room_pools,
          nicolae_vaults_display_case, vaults_room_pool,
          nicolae_vaults_mini_display_case, grunt_vaults_diagonal,
          nicolae_vaults_specimen_jars, nicolae_vaults_shelves_hall, v_misc_10,
          layout_vaults_big_room
Vaults:5
Crypt:1:  layout_rooms, grunt_crypt_arrival_split
Crypt:2:  layout_chaotic_city, gammafunk_ghost_grave,
          roderic_lattice_octagonal_star
Crypt:3:  lightli_unholy_cathedral, layout_chaotic_city,
          tomb_entry_forgotten_bobbens
Depths:1: layout_basic, grunt_decor_cap, enter_trove_2, lightli_too_deep,
          grunt_ministairs_15, minivault_16, st_stairs_14, drop_trap,
          guppyfry_shop_venom
Depths:2: kennysheep_funnel, layout_cave_pools, abyss_entry_small_statue_room,
          grunt_pan_entry_in_and_out, nrook_mini_backslash, hell_entry,
          infiniplex_staircase_zigzag_5
Depths:3: minmay_distorted_concentric_squares, layout_basic,
          grunt_pan_entry_sceptre, hangedman_abyss_entry_splay, hell_entry,
          hangedman_decor_peaks_small
Depths:4: evilmike_library_of_no_secrets, layout_cave_pools, abyss_entry,
          hangedman_glass_teeth, hellmouth_1, kennysheep_generic_room_16,
          serial_bayou_shore_b, uniq_xtahua
Depths:5: grunt_crosshair, layout_cave_pools, enter_ziggurat_f, hell_entry,
          serial_shops, shop, nrook_uturn
Hell
Coc:1:    layout_ice_bergs
Coc:2:    layout_cocytus_water_paths
Coc:3:    layout_ice_bergs
Coc:4:    layout_ice_bergs
Coc:5:    layout_cocytus_water_paths
Coc:6:    layout_ice_bergs
Coc:7:    coc_mu
Tar:1:    layout_cathedral_of_symmetry, nicolae_tar_cuneiform_to_be
Tar:2:    layout_grid_maze
Tar:3:    layout_cathedral_of_symmetry, grunt_megastairs_5
Tar:4:    layout_grid_maze
Tar:5:    layout_catacombs, nicolae_tar_cuneiform_sun
Tar:6:    layout_honeycomb, nicolae_tar_cuneiform_sun
Tar:7:    tar_mu [tar_mu_maze]
Zot:1:    layout_cellular_growth, hangedman_hellfire_club
Zot:2:    lemuel_halls_of_wrath, layout_basic, st_large_dragon_hoard_1
Zot:3:    layout_cellular_growth, door_vault
Zot:4:    layout_gridlike, zot_minivault_8

Skill      XL: |  1  2  3  4  5  6  7  8  9 10 11 12 13 14 15 16 17 18 19 20 21 22 23 24 25 26 27 |
---------------+----------------------------------------------------------------------------------+-----
Conjurations   | 2 3 4 5 6 7 8 9 10 11 12 13 14 17 | 17.5
Summonings     | 2 3 4 5 6 7 8 9 10 11 12 13 14 17 | 17.5
Translocations | 2 3 4 5 6 7 8 9 10 11 12 13 14 17 | 17.5
Invocations    | 1 2 3 4 5 6 7 8 9 10 11 12 13 14 15 16 17 21 | 21.6
Fighting       | 1 2 3 4 5 6 7 8 9 10 11 12 13 14 15 16 20 | 20.1
Short Blades   | 1 2 3 4 5 6 7 8 9 10 11 12 13 14 15 16 20 | 20.1
Long Blades    | 1 2 3 4 5 6 7 8 9 10 11 12 13 14 15 16 20 | 20.1
Axes           | 1 2 3 4 5 6 7 8 9 10 11 12 13 14 15 16 20 | 20.1
Maces & Flails | 1 2 3 4 5 6 7 8 9 10 11 12 13 14 15 16 20 | 20.1
Polearms       | 1 2 3 4 5 6 7 8 9 10 11 12 13 14 15 16 20 | 20.1
Staves         | 1 2 3 4 5 6 7 8 9 10 11 12 13 14 15 16 20 | 20.1
Slings         | 1 2 3 4 5 6 7 8 9 10 11 12 13 14 15 16 20 | 20.1
Bows           | 1 2 3 4 5 6 7 8 9 10 11 12 13 14 15 16 20 | 20.1
Crossbows      | 1 2 3 4 5 6 7 8 9 10 11 12 13 14 15 16 20 | 20.1
Throwing       | 1 2 3 4 5 6 7 8 9 10 11 12 13 14 15 16 20 | 20.1
Armour         | 1 2 3 4 5 6 7 8 9 10 11 12 13 14 15 16 20 | 20.1
Shields        | 1 2 3 4 5 6 7 8 9 10 11 12 13 14 15 16 22 | 22.4
Unarmed Combat | 1 2 3 4 5 6 7 8 9 10 11 12 13 14 15 16 20 | 20.1
Evocations     | 1 2 3 4 5 6 7 8 9 10 11 12 13 14 15 16 20 | 20.1
Hexes          | 1 2 3 4 5 6 7 8 9 10 11 12 13 14 17 | 17.4
Charms         | 1 2 3 4 5 6 7 8 9 10 11 12 13 14 17 | 17.4
Necromancy     | 1 2 3 4 5 6 7 8 9 10 11 12 13 14 17 | 17.4
Transmutations | 1 2 3 4 5 6 7 8 9 10 11 12 13 14 17 | 17.4
Fire Magic     | 1 2 3 4 5 6 7 8 9 10 11 12 13 14 17 | 17.4
Ice Magic      | 1 2 3 4 5 6 7 8 9 10 11 12 13 14 17 | 17.4
Air Magic      | 1 2 3 4 5 6 7 8 9 10 11 12 13 14 17 | 17.4
Earth Magic    | 1 2 3 4 5 6 7 8 9 10 11 12 13 14 17 | 17.4
Poison Magic   | 1 2 3 4 5 6 7 8 9 10 11 12 13 14 17 | 17.4
Dodging        | 5 6 7 8 9 10 11 12 13 14 15 16 17 20 | 20.4
Stealth        | 5 6 7 8 9 10 11 12 13 14 15 16 17 23 | 23.4
Spellcasting   | 8 9 10 11 12 13 14 15 16 17 20 | 20.9

Action                   |  1- 3 |  4- 6 |  7- 9 | 10-12 | 13-15 | 16-18 | 19-21 | 22-24 | 25-27 || total
-------------------------+-------+-------+-------+-------+-------+-------+-------+-------+-------++-------
Melee: Dagger            |     7 |    74 |       |       |       |       |       |       |       ||    81
       Bite              |     1 |     8 |    16 |    57 |   109 |    65 |    69 |   127 |   488 ||   940
       Punch             |       |     1 |     2 |    10 |    17 |       |       |       |       ||    30
       Spear             |       |     7 |   181 |   499 |  1003 |       |       |       |       ||  1690
       Double sword      |       |       |       |       |    10 |    64 |       |       |       ||    74
       Demon trident     |       |       |       |       |       |   690 |   791 |  1084 |  3844 ||  6409
Throw: Dart              |       |     5 |    16 |     4 |       |       |       |       |       ||    25
       Javelin           |       |       |       |       |       |    19 |     6 |       |       ||    25
 Cast: Magic Dart        |    74 |   101 |   227 |   327 |   492 |     9 |       |       |       ||  1230
       Mephitic Cloud    |       |     5 |    18 |    33 |    38 |    60 |    10 |    25 |     5 ||   194
       Blink             |       |     7 |    11 |    24 |    21 |    11 |    13 |     7 |    57 ||   151
       Olgreb's Toxic Ra |       |       |       |    42 |    89 |   169 |    24 |    82 |    25 ||   431
       Ignite Poison     |       |       |       |    24 |    48 |    83 |    23 |    48 |    12 ||   238
       Lightning Bolt    |       |       |       |       |    13 |       |       |       |       ||    13
       Freezing Cloud    |       |       |       |       |     8 |       |       |       |       ||     8
       Borgnjor's Vile C |       |       |       |       |       |    37 |    42 |    51 |   122 ||   252
       Fireball          |       |       |       |       |       |    33 |    93 |    34 |    83 ||   243
       Iron Shot         |       |       |       |       |       |    12 |    23 |   119 |   922 ||  1076
       Summon Lightning  |       |       |       |       |       |       |       |     1 |    12 ||    13
       Spellforged Servi |       |       |       |       |       |       |       |     1 |     7 ||     8
       Orb of Destructio |       |       |       |       |       |       |       |       |    11 ||    11
       Necromutation     |       |       |       |       |       |       |       |       |    75 ||    75
       Lee's Rapid Decon |       |       |       |       |       |       |       |       |    61 ||    61
       Ignition          |       |       |       |       |       |       |       |       |    58 ||    58
Evoke: Wand              |       |       |       |     1 |    22 |     8 |       |       |    20 ||    51
       Lightning rod     |       |       |       |       |       |     4 |       |     4 |    11 ||    19
       Tin of tremorston |       |       |       |       |       |     1 |     2 |     1 |     7 ||    11
       Phial of floods   |       |       |       |       |       |     1 |       |     1 |     4 ||     6
       Box of beasts     |       |       |       |       |       |       |       |     1 |       ||     1
       Horn of Geryon    |       |       |       |       |       |       |       |       |     4 ||     4
  Use: Scroll            |       |       |     1 |    11 |    13 |    17 |    11 |     3 |    16 ||    72
       Potion            |       |       |       |       |       |     1 |     1 |       |     7 ||     9
 Stab: Sleeping          |       |     1 |     3 |     3 |     3 |    21 |    20 |    35 |    34 ||   120
       Confused          |       |     1 |     8 |    21 |     5 |     7 |     2 |    11 |     1 ||    56
       Distracted        |       |       |       |     1 |       |     4 |     2 |     8 |    18 ||    33
  Eat: Chunk             |     1 |     9 |    11 |    28 |    33 |    38 |    18 |    43 |    58 ||   239
       Ration            |       |       |     1 |     1 |     5 |     2 |     3 |     2 |    15 ||    29
Armor: Robe              |       |    13 |     4 |       |       |       |       |       |       ||    17
       Leather armour    |       |       |    15 |    26 |       |       |       |       |       ||    41
       Steam dragon scal |       |       |       |    41 |   177 |   128 |    83 |    81 |   152 ||   662
       Quicksilver drago |       |       |       |       |       |       |       |       |   541 ||   541
Dodge: Dodged            |     1 |    48 |    63 |   266 |   476 |   416 |   277 |   267 |  1719 ||  3533
Block: Buckler           |       |       |       |       |    39 |       |       |       |       ||    39
       Kite shield       |       |       |       |       |   132 |   497 |   527 |   533 |  2261 ||  3950
       Reflection        |       |       |       |       |       |    20 |    95 |    61 |    42 ||   218
       Rpst.: Double sword |       |       |       |       |     1 |     6 |       |       |       ||     7
